 Dungeon Crawl Stone Soup version 0.31.0 (webtiles) character file.

Game seed: 16947872606775870223

34 qw the Shooter (level 3, -2/22 HPs)
             Began as a Gargoyle Hunter on Jan 19, 2024.
             Slain by an endoplasm (3 damage)
             ... on level 2 of the Dungeon.
             The game lasted 00:00:03 (864 turns).

qw the Shooter (Gargoyle Hunter)                     Turns: 864, Time: 00:00:03

Health: -2/22      AC:  8    Str: 14    XL:     3   Next: 31%
Magic:  3/3        EV: 11    Int:  9    God:
Gold:   38         SH:  0    Dex: 15    Spells: 2/2 levels left

rFire   . . .        a - +0 shortbow
rCold   . . .        (shield currently unavailable)
rNeg    + . .        c - +0 leather armour
rPois   inf          (no helmet)
rElec   +            (no cloak)
rCorr   .            i - +1 pair of gloves
SInv    .            (no boots)
Will    .....        (no amulet)
Stlth   ++           (no ring)
HPRegen 0.23/turn    (no ring)
MPRegen 0.08/turn

%: no passive effects
@: about to teleport
A: sickness immunity, AC +3, negative energy resistance 1, electricity
resistance, torment resistance 1, petrification resistance
a: no special abilities


You were on level 2 of the Dungeon.
You visited 1 branch of the dungeon, and saw 2 of its levels.

You collected 38 gold pieces.


Innate Abilities, Weirdness & Mutations

You are immune to sickness and miasma.
Your stone body is resilient. (AC +3)
You are immune to poison.
You resist negative energy. (rN+)
You are resistant to electric shocks. (rElec)
You are resistant to unholy torment.
You are immune to petrification.


   Skills:
 + Level 2.3 Fighting
 - Level 5.0 Ranged Weapons
 - Level 1.5 Dodging
 - Level 1.1 Stealth


You had 2 spell levels left.
You didn't know any spells.
Your spell library was empty.

Inventory:

Hand Weapons
 a - a +0 shortbow (weapon)
Armour
 c - a +0 leather armour (worn)
 i - a +1 pair of gloves (worn)
Potions
 d - a potion of degeneration {unknown}
 g - a potion of lignification {unknown}

Dungeon Overview and Level Annotations

Branches:
Dungeon (2/15)

Altars:


Message History

The endoplasm closely misses you. The ribbon worm bites you.
You shoot an arrow. The arrow hits the ribbon worm.
The ribbon worm is moderately wounded.
The endoplasm hits you. The ribbon worm bites you. The endoplasm freezes you.
You are frozen.
You shoot an arrow. The arrow hits the ribbon worm!
The ribbon worm is severely wounded.
The endoplasm freezes you.
You are frozen.
The ribbon worm expels a string of sticky webbing.
The stream of webbing hits you but does no damage.
You are caught in a web!
The endoplasm hits you but does no damage.
The ribbon worm expels a string of sticky webbing.
The stream of webbing hits you but does no damage.
You are caught in a web!
The endoplasm hits you but does no damage.
The ribbon worm closely misses you.
You shoot an arrow. The arrow hits the ribbon worm!
The ribbon worm is almost dead.
The endoplasm hits you but does no damage.
The ribbon worm bites you.
861 ||| READING scroll of teleportation.
As you read the scroll of teleportation, it crumbles to dust.
You feel strangely unstable.
The endoplasm hits you but does no damage.
You shoot an arrow.
The arrow hits the ribbon worm but does no damage.
The ribbon worm is almost dead.
The endoplasm freezes you.
You are frozen.
The ribbon worm bites you.
You shoot an arrow. The arrow hits the ribbon worm.
The ribbon worm is almost dead.
The endoplasm hits you but does no damage.
The ribbon worm bites you.
You shoot an arrow.
The arrow barely misses the ribbon worm.
The endoplasm hits you.
You die...

....... #<
....... ..
....... .7
....... .
.......#.
........# ###
.......J##...#
...%%.7.@w.7
#...##...#
###.######
##'.## #...#
#.7.# #...#
##<## ###


You could see a ribbon worm and an endoplasm.

Vanquished Creatures
  An adder (D:2)
  A dart slug (D:2)
  3 ball pythons
  2 bats (D:1)
  An endoplasm (D:1)
  2 giant cockroaches (D:1)
  3 goblins (D:1)
  3 hobgoblins (D:1)
  A kobold (D:1)
  4 rats (D:1)
21 creatures vanquished.

Notes
Turn   | Place    | Note
-------+----------+-------------------------------------------
     0 | D:1      | qw the Gargoyle Hunter began the quest for the Orb.
     0 | D:1      | Reached XP level 1. HP: 12/12 MP: 1/1
     0 | D:1      | 0 ||| qw: Version: 0.3-a-132-g3d54051
     0 | D:1      | 0 ||| qw: Game counter: 272
     0 | D:1      | 0 ||| qw: Melee chars always use a shield: true
     0 | D:1      | 0 ||| qw: God list: Okawaru
     0 | D:1      | 0 ||| qw: Allow faded altars: false
     0 | D:1      | 0 ||| qw: Do Orc after clearing Dungeon:15 true
     0 | D:1      | 0 ||| qw: Do second Lair branch before Depths: true
     0 | D:1      | 0 ||| qw: Lair rune preference: random
     0 | D:1      | 0 ||| qw: Goals: Normal
     0 | D:1      | 0 ||| PLANNING D:1-11
    93 | D:1      | Reached XP level 2. HP: 17/17 MP: 2/2
   696 | D:1      | 696 ||| UPGRADING to +0 pair of gloves.
   701 | D:1      | 701 ||| READING scroll labelled QYFUYZ ZINOEBISM.
   802 | D:1      | 802 ||| READING scroll labelled TAEVUU XOALU.
   803 | D:1      | 803 ||| READING scroll labelled TISYOJ AMUHUN.
   804 | D:1      | 804 ||| READING scroll labelled FEULIY YDOU.
   804 | D:1      | 804 ||| ENCHANTING +0 pair of gloves.
   805 | D:1      | 805 ||| READING 2 scrolls labelled MUOCIRA PEMUMM.
   808 | D:1      | 808 ||| DROPPING scroll of butterflies.
   821 | D:2      | 821 ||| STAIRDANCE
   830 | D:2      | Reached skill level 5 in Ranged Weapons
   830 | D:2      | Reached XP level 3. HP: 21/21 MP: 3/3
   860 | D:2      | HP: 5/22 [ribbon worm (3)]
   861 | D:2      | 861 ||| READING scroll of teleportation.
   863 | D:2      | HP: 1/22 [ribbon worm (2)]
   864 | D:2      | Slain by an endoplasm

Levels and vault maps discovered:
D:1:      roderic_dead_forest, layout_loops_ring, chequers_serial_rivers_marsh,
          hangedman_abyss_or_decor_stabs, corexii_item_surrounded_by_moat
D:2:      layout_basic, basic_altar, grunt_ministairs_4

Skill      XL: |  1  2 |
---------------+-------+-----
Ranged Weapons | 5 |  5.0
Fighting       | |  2.3
Dodging        | |  1.5
Stealth        | |  1.1

Action                     || total
---------------------------++-------
   Fire: Shortbow          ||    89
    Use: Scroll            ||     6
 Armour: Leather armour    ||    37
  Dodge: Dodged            ||    28

Table legend:
 A = Non-vault XP
 B = Vault XP
 C = Vault XP percentage of total XP
 D = Non-vault monster count
 E = Vault monster count
 F = Vault count percentage of total count
                 A         B        C        D         E       F
            +---------+---------+-------+---------+---------+-------
      Total |      48 |       1 |   2.0 |      20 |       1 |   4.8
            +---------+---------+-------+---------+---------+-------
        D:1 |      29 |       1 |   3.3 |      17 |       1 |   5.6
        D:2 |      19 |       0 |   0.0 |       3 |       0 |   0.0
            +---------+---------+-------+---------+---------+-------
